AoeStats
← MisMi.GarreroJaguar

Four Lakes

509904186Analyzed
1v1 RM · 4d ago on Sep 28, 2026· 60m 28s· 2 players
Game mode
Random Map
Map size
Tiny (2 player)
Population
200
Speed
Normal
Resources
Standard
Victory
Conquest
Starting age
Dark Age
Ending age
Imperial Age
RankedLock teamsTeams togetherTeam positionsShared explorationLock speedFull tech treeHidden civsTurbo modeCheats
Victory
Defeat
🇲🇽 Vietnamese · Mexico
1009
+16
🇫🇮 Poles · Finland
1009
-16
Nubsteri
11:59 Feudal Age
17:44 Castle Age
17:54 Stone Mining
19:42 Husbandry
19:52 Bloodlines
20:58 Szlachta Privileges
22:48 Scale Barding Armor
22:53 Forging
25:59 Loom
27:04 Forging
32:22 Chain Barding Armor
32:37 Iron Casting
33:22 Iron Casting
32:52 Horse Collar
36:00 Imperial Age
33:55 Double-Bit Axe
34:47 Heavy Plow
35:04 Fletching
35:11 Gold Mining
36:43 Cavalier
38:07 Conscription
38:29 Bodkin Arrow
42:49 Wheelbarrow
45:26 Thumb Ring
46:16 Padded Archer Armor
48:19 Stone Shaft Mining
48:06 Hand Cart
49:55 Elite Skirmisher
55:49 Bow Saw
58:01 Ballistics
58:42 Chemistry
60:04 Crop Rotation
MisMi.GarreroJaguar
5:23 Loom
11:42 Feudal Age
13:04 Double-Bit Axe
15:20 Fletching
20:10 Castle Age
17:55 Town Watch
18:47 Horse Collar
18:51 Fishing Lines
19:27 Padded Archer Armor
22:08 Bodkin Arrow
22:34 Bow Saw
22:42 Leather Archer Armor
22:30 Heavy Plow
25:03 Pikeman
27:17 Squires
27:19 Scale Mail Armor
27:29 Forging
31:06 Ballistics
37:43 Imperial Age
35:53 Wheelbarrow
37:05 Chain Mail Armor
37:31 Gold Mining
39:53 Bracer
41:03 Chemistry
42:05 Ring Archer Armor
43:12 Plate Mail Armor
44:21 Elite Rattan Archer
46:32 Iron Casting
47:09 Paper Money
49:12 Two-Man Saw
49:13 Halberdier
51:06 Crop Rotation
53:00 Thumb Ring
58:37 Hoardings
58:36 Scale Barding Armor
59:05 Husbandry
59:16 Bloodlines
58:26 Light Cavalry
60:48 Chain Barding Armor
Connection lost

Rejoining the realm…

Still unreachable

The connection could not be restored.

Session expired

The server has moved on; the page needs a fresh start.